 Dungeon Crawl Stone Soup version 0.26.1-11-gd32895ea62 (webtiles) character file.

Game seed: 16081493494850537576

87 H0rd4k the Insei (level 4, -2/28 HPs)
             Began as an Octopode Transmuter on May 7, 2021.
             Killed by divine providence
             ... invoked by an orc priest
              (13 damage)
             ... on level 3 of the Dungeon.
             The game lasted 00:02:03 (3123 turns).

H0rd4k the Insei (Octopode Transmuter)              Turns: 3123, Time: 00:02:03

Health: -2/28      AC:  1    Str:  9    XL:     4   Next: 51%
Magic:  7/7        EV: 13    Int: 16    God:
Gold:   234        SH:  0    Dex: 12    Spells: 2/8 levels left

rFire    . . .     SeeInvis .     - Unarmed
rCold    . . .     Faith    .   (no shield)
rNeg     . . .     Spirit   .   (helmet restricted)
rPois    .         Reflect  .   (no amulet)
rElec    .         Harm     .   (no ring)
rCorr    .         Rampage  .   (no ring)
Will     .....                  (no ring)
Stlth    +++.......             (no ring)
HPRegen  0.09/turn              (no ring)
MPRegen  0.10/turn              (no ring)
                                (no ring)
                                (no ring)

@: no status effects
A: almost no armour, stealthy swim, amphibious, 8 rings, constrict 8, camouflage
1, gelatinous body 1
a: no special abilities


You were on level 3 of the Dungeon.
You visited 1 branch of the dungeon, and saw 3 of its levels.

You collected 234 gold pieces.

Inventory:

Hand Weapons
 n - a +0 whip
Missiles
 o - 16 poisoned darts (quivered)
Scrolls
 a - 2 scrolls of remove curse {unknown}
 d - a scroll of random uselessness {unknown}
 f - 7 scrolls of identify {unknown}
 g - 2 scrolls of teleportation {unknown}
 h - a scroll of magic mapping {unknown}
 m - a scroll of immolation {unknown}
 q - a scroll of enchant weapon {unknown}
 r - a scroll of noise {unknown}
Potions
 b - a potion of lignification {unknown}
 c - 2 potions of heal wounds {unknown}
 e - 3 potions of haste {unknown}
 i - 2 potions of curing {unknown}
 j - a potion of magic {unknown}
 k - a potion of attraction {unknown}
 l - a potion of degeneration {unknown}
 p - a potion of cancellation {unknown}
 s - a potion of ambrosia {unknown}


   Skills:
 + Level 1.0 Fighting
 + Level 2.2 Dodging
 - Level 2.2 Stealth
 + Level 4.0 Unarmed Combat
 * Level 2.5 Spellcasting
 * Level 2.1 Transmutations
 * Level 1.2 Poison Magic


You had 2 spell levels left.
You knew the following spells:

 Your Spells              Type           Power        Failure   Level
a - Beastly Appendage     Tmut           18%          9%          1
b - Spider Form           Tmut/Pois      3%           30%         3
c - Blink                 Tloc           N/A          30%         2

Your spell library contained the following spells:

 Spells                   Type           Power        Failure   Level
 Wereblood                Tmut           9%           12%         2
 Magic Dart               Conj           8%           21%         1
 Call Imp                 Summ           2%           30%         2
 Slow                     Hex            2%           30%         2
 Mephitic Cloud           Conj/Pois/Air  3%           45%         3
 Conjure Flame            Conj/Fire      2%           52%         3
 Ice Form                 Ice/Tmut       5%           77%         4
 Blade Hands              Tmut           4%           92%         5


Dungeon Overview and Level Annotations

Branches:
Dungeon (3/15)

Altars:
Makhleb

Annotations:
D:2 1 runed translucent door, exclusion: door, Crazy Yiuf


Innate Abilities, Weirdness & Mutations

You cannot wear most types of armour.
You are very stealthy in the water. (Stealth+)
You are amphibious.
You can wear up to eight rings at the same time.
You can use your tentacles to constrict eight enemies at once.
Your skin changes colour to match your surroundings (Stealth+).
Your rubbery body absorbs attacks. (AC +1, EV +1)


Message History

The orc wizard is lightly wounded.
The orc wizard barely misses you. The frilled lizard bites you.
You tentacle-slap the orc wizard. Your grab misses the orc wizard.
Your squeeze misses the orc wizard.
The orc wizard is lightly wounded.
The orc wizard gestures at you while chanting.
You feel yourself slow down. The frilled lizard bites you.
The orc wizard closely misses you.
The orc wizard casts a spell.
The orc wizard seems to speed up.
The orc wizard casts a spell at you. The magic dart hits you.
The orc wizard hits you with a +0 dagger.
The orc wizard casts a spell.
The orc wizard blinks!
You feel yourself speed up.
The orc priest looks braver for a moment.
The orc priest calls down the wrath of Beogh upon you.
Beogh smites you!
You die...

#.#.#.#..# #.....#
###+##....##..## #..#..#
#......#.......###.....#..
#......#.#.#.#o.l.........
#......#...#.#.###.#...#.
#......#.#...#.....#...#
###'####.###.#.g.o.....#
#####.# ..####..l..###....
......###.......@..........
....#.................... .
....#........##.....###..#
...##.####..........# .#
... #.####...###....# . ...
#........###....# ##
#............##.#
#.#.#)##<##### .#
#.#.#.##.#


You could see an orc priest, an orc wizard (fast), a hobgoblin and a frilled
lizard.

Vanquished Creatures
  3 adders (D:2)
  An ooze (D:1)
  2 worms (D:2)
  2 orcs (D:3)
  A ball python (D:2)
  5 bats
  3 giant cockroaches
  11 goblins
  3 hobgoblins
  2 jackals (D:2)
  2 frilled lizards (D:2)
  6 kobolds
  5 rats
46 creatures vanquished.

Notes
Turn   | Place    | Note
-------+----------+-------------------------------------------
     0 | D:1      | H0rd4k the Octopode Transmuter began the quest for the Orb.
     0 | D:1      | Reached XP level 1. HP: 13/13 MP: 3/3
   375 | D:1      | Reached XP level 2. HP: 13/18 MP: 5/5
  1247 | D:2      | Reached skill level 1 in Stealth
  1276 | D:2      | Found a burning altar of Makhleb.
  1276 | D:2      | Noticed a green death
  1279 | D:2      | Noticed an orange demon
  1279 | D:2      | Noticed an orange demon
  1302 | D:2      | Reached XP level 3. HP: 20/23 MP: 6/6
  1306 | D:2      | Learned a level 3 spell: Spider Form
  1566 | D:2      | Learned a level 2 spell: Blink
  2235 | D:2      | Found a runed translucent door.
  2236 | D:2      | Noticed Crazy Yiuf
  2286 | D:2      | Reached XP level 4. HP: 26/28 MP: 7/7
  2608 | D:2      | Reached skill level 1 in Poison Magic
  2994 | D:3      | Reached skill level 4 in Unarmed Combat
  3123 | D:3      | Killed from afar by an orc priest

Illustrated notes

Levels and vault maps discovered:
D:1:      mushboom_english_gardens, layout_basic, nrook_uturn
D:2:      layout_loops_corners, makhleb_altar_promises_db, serial_aquarium,
          aquarium_bridge_square [aquarium_subvault_bridge,
          aquarium_subvault_balcony, aquarium_subvault_bridge,
          aquarium_subvault_bridge], aquarium_window_fake, aquarium_window_3,
          aquarium_view_2e, aquarium_view_2b, aquarium_balcony_3a,
          aquarium_pool_2, minmay_fractal_squares_gapless_5,
          uniq_crazy_yiuf_cottage
D:3:      minmay_bubble_buster, layout_basic, minmay_misc_feat_square,
          st_stairs_1, minivault_23, trog_butcher_becter

Skill      XL: |  1  2  3  4 |
---------------+-------------+-----
Stealth        | 2 |  2.2
Poison Magic   | 1 |  1.2
Unarmed Combat | 4 |  4.0
Fighting       | |  1.0
Dodging        | |  2.2
Spellcasting   | |  2.5
Transmutations | |  2.1

Action                   |  1- 3 |  4- 6 || total
-------------------------+-------+-------++-------
Melee: Unarmed           |    62 |    41 ||   103
       Tentacles         |    13 |     3 ||    16
       Constrict         |    13 |     9 ||    22
       Punch             |       |     1 ||     1
 Stab: Sleeping          |    14 |     1 ||    15
       Distracted        |     1 |       ||     1
Armor: Skin              |     8 |     1 ||     9
Dodge: Dodged            |    24 |    22 ||    46
